 Dungeon Sprint DCSS version 0.31-a0-835-g2a3a5bc3be (webtiles) character file.

Game seed: 9126186714285484762

1623 Conn the Arsonist (level 8, -7/52 HPs)
             Began as an Octopode Fire Elementalist on Sept 26, 2023.
             Was a High Priest of Sif Muna.
             Mangled by a demonic crawler (17 damage)
             ... in the Dungeon (Sprint VII: "The Pits").
             The game lasted 00:10:42 (1474 turns).

Conn the Arsonist (Octopode Fire Elementalist)      Turns: 1474, Time: 00:10:43

Health: -7/52      AC:  7    Str:  7    XL:     8   Next: 97%
Magic:  18/20      EV: 15    Int: 20    God:    Sif Muna [*****.]
Gold:   0          SH:  0    Dex: 12    Spells: 1/23 levels left

rFire   . . .        r - +2 morningstar (protect)
rCold   . . .        (no shield)
rNeg    . . .        (helmet restricted)
rPois   .            (no amulet)
rElec   .            n - +3 ring of protection
rCorr   .            o - +3 ring of protection
SInv    .            (no ring)
Will    .....        (no ring)
Stlth   ++++         (no ring)
HPRegen 0.28/turn    (no ring)
MPRegen 0.17/turn    (no ring)
                     (no ring)

%: no teleportation
@: channelling, hasted, very quick
A: almost no armour, amphibious, 8 rings, camouflage 1, gelatinous body 1,
(nimble swimmer 1), tentacles
a: Renounce Religion, Channel Magic, Forget Spell, Divine Exegesis


You were in the Dungeon.
You worshipped Sif Muna.
Sif Muna was extremely pleased with you.
You visited 1 branch

Inventory:

Hand Weapons
 g - a +2 dagger
 l - a +2 flail of protection
 r - a +2 morningstar of protection (weapon)
Missiles
 m - a curare-tipped dart
Jewellery
 n - a +3 ring of protection (left tentacle)
 o - a +3 ring of protection (right tentacle)
Scrolls
 i - 2 scrolls of vulnerability
 j - 5 scrolls of amnesia
 k - a scroll of summoning
Potions
 a - 5 potions of magic
 b - 9 potions of curing
 c - 6 potions of heal wounds
 d - a potion of haste
 e - a potion of berserk rage
 h - 2 potions of invisibility
 p - a potion of might
 q - a potion of mutation


   Skills:
 + Level 3.2 Fighting
 - Level 4.1 Maces & Flails
 + Level 6.2 Dodging
 - Level 6.0 Stealth
 + Level 8.4 Spellcasting
 * Level 8.3 Conjurations
 + Level 2.8 Hexes
 + Level 11.2 Fire Magic
 * Level 5.6 Invocations


You had one spell level left.
You knew the following spells:

 Your Spells              Type           Power      Damage    Failure   Level
a - Foxfire               Conj/Fire      100%       2x1d9     1%          1
b - Scorch                Fire           100%       2d9       1%          2
c - Inner Flame           Hex/Fire       36%        N/A       1%          3
d - Flame Wave            Conj/Fire      47%        2d12      1%          4
e - Sticky Flame          Conj/Fire      47%        2d6       1%          4
f - Fireball              Conj/Fire      23%        3d11      4%          5
g - Mephitic Cloud        Conj/Pois/Air  19%        N/A       8%          3

Your spell library contained the following spells:

 Spells                   Type           Power      Damage    Failure   Level
 Searing Ray              Conj           82%        2d7       1%          2
 Volatile Blastmotes      Fire/Tloc      60%        2d15      2%          3
 Ignite Poison            Fire/Tmut/Pois 23%        N/A       5%          3
 Starburst                Conj/Fire      23%        6d8       22%         6
 Cause Fear               Hex            9%         N/A       26%         4
 Alistair's Intoxication  Tmut/Pois      5%         N/A       92%         5
 Conjure Ball Lightning   Conj/Air       12%        3x3d6     92%         6
 Ignition                 Fire           26%        3d9       99%         8
 Dragon's Call            Summ           4%         N/A       100%        9


Dungeon Overview and Level Annotations

Branches:
Dungeon (1/1)

Altars:
Ashenzari
Cheibriados
Dithmenos
Elyvilon
Fedhas
Gozag
Hepliaklqana
Kikubaaqudgha
Makhleb
Nemelex Xobeh
Okawaru
Qazlal
Ru
Sif Muna
Trog
Uskayaw
Vehumet
Wu Jian
Xom
Yredelemnul
Zin
The Shining One
Jiyva
Lugonu


Innate Abilities, Weirdness & Mutations

You cannot wear most types of armour.
You are amphibious.
You can wear up to eight rings at the same time.
Your skin changes colour to match your surroundings (Stealth+).
Your rubbery body absorbs attacks. (AC +1, EV +1)
((You are camouflaged when in or above water. (Stealth+)))
You have tentacles for arms and can constrict up to eight enemies at once.


Message History

Casting: Flame Wave (dangerous; 1% risk of failure)
Confirm with . or Enter, or press ? or * to list all spells.
Aiming: Inner Flame (safe; 1% risk of failure)
Press: ? - help, Dir - move target, f - ice beast
Aim: an ice beast (chance to affect: 87%)
The ice beast is filled with an inner flame.
The demonic crawler hits you! The demonic crawler closely misses you.
The demonic crawler hits you!
Unknown command.
Unknown command.
Unknown command.
Unknown command.
You feel much better. The demonic crawler hits you!
The demonic crawler barely misses you. The demonic crawler hits you!
* * * LOW HITPOINT WARNING * * *
The ice beast closely misses you. The demonic crawler hits you!
* * * LOW HITPOINT WARNING * * *
The demonic crawler barely misses you. x2
Blink to where?
Press: ? - help, Dir - move target, p - ice beast A kobold comes into view.
It is wielding a +0 short sword.
As you read the scroll of blinking, it crumbles to dust.
Casting: Inner Flame (safe; 1% risk of failure)
Confirm with . or Enter, or press ? or * to list all spells.
Aiming: Mephitic Cloud (dangerous; 8% risk of failure)
Press: ? - help, Shift-Dir - straight line The ball explodes into a vile cloud!
The stinking cloud engulfs the kobold but does no damage.
Unknown command.
Unknown command.
Casting: Mephitic Cloud (dangerous; 8% risk of failure)
Confirm with . or Enter, or press ? or * to list all spells.
Okay, then.
Unknown command.
Unknown command.
You close the huge gate.
A kobold breaks down the huge gate.
You feel yourself speed up.
The demonic crawler attacks as it pursues you!
The demonic crawler hits you!
You die...

_______.# _______.#
_____...###########++######
#######'##................#
(.')))'.##......#..#......#
#######.##................+
....)))..)..).............+
####)#####......#..#......#
..)..#[[##....รท.@s........#
.....#))#####'#####KY######
##'###).##.......##''######
.)..)#))##.......##........
.....#..##.......##........
###)##'###...<...##..#####.
........##.......##..+
........##.......##..#
##########.......##..#


You could see a demonic crawler (inner flame), an ice beast (inner flame) and a
kobold.

Vanquished Creatures
  A tarantella (D)
  A jumping spider (D)
  A basilisk (D)
  Grum (D)
  Duvessa (D)
  2 wolves (D)
  2 phantoms (D)
  A kobold brigand (D)
  A scorpion (D)
  3 wights (D)
  Dowan (D)
  4 orc priests (D)
  Crazy Yiuf (D)
  2 iron imps (D)
  An orc wizard (D)
  A white imp (D)
  8 orcs (D)
  An endoplasm (D)
  A giant cockroach (D)
  4 jackals (D)
  A quokka (D)
  A jackal skeleton (D)
  A kobold (D)
41 creatures vanquished.

Vanquished Creatures (others)
  57 foxfires (D)
57 creatures vanquished.

Grand Total: 98 creatures vanquished

Notes
Turn   | Place    | Note
-------+----------+-------------------------------------------
     0 | D        | Conn the Octopode Fire Elementalist began the quest for the
                  | Orb.
     0 | D        | Reached XP level 1. HP: 11/11 MP: 3/3
    82 | D        | Found a bloodstained altar of Trog.
    82 | D        | Found a shimmering blue altar of Sif Muna.
    82 | D        | Found a viscous altar of Jiyva.
    82 | D        | Found a hazy altar of Hepliaklqana.
    82 | D        | Found an opulent altar of Gozag.
    83 | D        | Found a glowing golden altar of the Shining One.
    83 | D        | Found a glowing silver altar of Zin.
    83 | D        | Found a basalt altar of Yredelemnul.
    83 | D        | Found a shimmering altar of Xom.
    83 | D        | Found an ornate altar of the Wu Jian Council.
    83 | D        | Found a sacrificial altar of Ru.
    83 | D        | Found a stormy altar of Qazlal.
    83 | D        | Found an iron altar of Okawaru.
    83 | D        | Found a sparkling altar of Nemelex Xobeh.
    83 | D        | Found a burning altar of Makhleb.
    83 | D        | Found a blossoming altar of Fedhas.
    83 | D        | Found a white marble altar of Elyvilon.
    83 | D        | Found a shadowy altar of Dithmenos.
    83 | D        | Found a snail-covered altar of Cheibriados.
    85 | D        | Found a corrupted altar of Lugonu.
    85 | D        | Found a radiant altar of Vehumet.
    86 | D        | Found an ancient bone altar of Kikubaaqudgha.
    86 | D        | Found a hide-covered altar of Uskayaw.
    86 | D        | Found a broken altar of Ashenzari.
    89 | D        | Became a worshipper of Sif Muna the Loreminder
    99 | D        | Noticed a scorpion
   120 | D        | Killed a scorpion
   121 | D        | Reached skill level 5 in Fire Magic
   121 | D        | Reached XP level 2. HP: 17/17 MP: 4/6
   121 | D        | Reached XP level 3. HP: 21/21 MP: 4/7
   121 | D        | Reached XP level 4. HP: 27/27 MP: 5/9
   171 | D        | Learned a level 2 spell: Scorch
   175 | D        | Learned a level 3 spell: Inner Flame
   180 | D        | Learned a level 4 spell: Flame Wave
   183 | D        | Reached * piety under Sif Muna
   206 | D        | Reached ** piety under Sif Muna
   230 | D        | Noticed Duvessa
   230 | D        | Noticed Dowan
   236 | D        | Killed Duvessa
   237 | D        | Reached skill level 5 in Stealth
   237 | D        | Reached skill level 7 in Fire Magic
   237 | D        | Reached XP level 5. HP: 32/32 MP: 5/11
   249 | D        | Killed Dowan
   250 | D        | Reached skill level 5 in Conjurations
   250 | D        | Reached skill level 8 in Fire Magic
   250 | D        | Reached XP level 6. HP: 37/37 MP: 0/13
   252 | D        | Reached *** piety under Sif Muna
   484 | D        | Noticed Crazy Yiuf
   486 | D        | Reached skill level 5 in Spellcasting
   489 | D        | Reached skill level 1 in Fighting
   520 | D        | Reached **** piety under Sif Muna
   521 | D        | Reached skill level 5 in Dodging
   538 | D        | Reached skill level 1 in Hexes
   538 | D        | Reached skill level 9 in Fire Magic
   547 | D        | Reached skill level 1 in Maces & Flails
   552 | D        | Reached ***** piety under Sif Muna
   552 | D        | Received a gift from Sif Muna
   553 | D        | Reached XP level 7. HP: 44/44 MP: 0/16
   559 | D        | Killed Crazy Yiuf
   618 | D        | Reached skill level 1 in Invocations
   703 | D        | Reached skill level 10 in Fire Magic
   708 | D        | Learned a level 4 spell: Sticky Flame
   709 | D        | Noticed a basilisk
   712 | D        | Killed a basilisk
   712 | D        | Received a gift from Sif Muna
   724 | D        | Learned a level 5 spell: Fireball
   819 | D        | Reached XP level 8. HP: 26/50 MP: 3/19
   951 | D        | Noticed Grum
   969 | D        | Killed Grum
  1026 | D        | Identified Makhletyn's Guide on Wild Degeneration (Sif Muna
                  | gifted it to you in the Dungeon)
  1026 | D        | Received a gift from Sif Muna
  1033 | D        | Learned a level 3 spell: Mephitic Cloud
  1318 | D        | Noticed a tarantella
  1321 | D        | Killed a tarantella
  1321 | D        | Noticed a jumping spider
  1322 | D        | Reached skill level 11 in Fire Magic
  1322 | D        | Reached skill level 5 in Invocations
  1329 | D        | Killed a jumping spider
  1451 | D        | Noticed a demonic crawler
  1474 | D        | Mangled by a demonic crawler

Illustrated notes

Levels and vault maps discovered:
D:        pitsprint [storerooms_1, entrance_room_1, metal_vault_8, armoury_1,
          mini_pit_1, grid_room_1, main_hall_1, silver_pit, the_coven_1,
          the_vestibule_1, steel_vault_2, golden_pit, hallway_of_sentries,
          crystal_vault_3, iron_vault_5, final_vault]

Skill      XL: |  1  2  3  4  5  6  7  8 |
---------------+-------------------------+-----
Dodging        | 3 4 5 6 |  6.2
Stealth        | 4 5 6 |  6.0
Spellcasting   | 3 4 6 7 8 |  8.4
Conjurations   | 3 4 5 6 7 8 |  8.3
Fire Magic     | 5 7 8 9 10 11 | 11.2
Fighting       | 1 2 3 |  3.2
Hexes          | 1 2 |  2.8
Maces & Flails | 1 3 4 |  4.1
Invocations    | 3 5 |  5.6

Action                     |  1- 3 |  4- 6 |  7- 9 || total
---------------------------+-------+-------+-------++-------
  Melee: Dagger            |     6 |     7 |       ||    13
         Constrict         |     1 |     3 |     5 ||     9
         Tentacles         |     1 |     2 |     9 ||    12
         Unarmed           |     1 |       |       ||     1
         Flail             |       |     8 |    34 ||    42
         Morningstar       |       |       |     1 ||     1
         Punch             |       |       |     1 ||     1
   Cast: Foxfire           |     3 |    18 |    12 ||    33
         Inner Flame       |       |     4 |    12 ||    16
         Scorch            |       |     2 |    17 ||    19
         Flame Wave        |       |       |     3 ||     3
         Fireball          |       |       |     1 ||     1
         Mephitic Cloud    |       |       |     1 ||     1
 Invoke: Channel Magic     |       |       |     3 ||     3
    Use: Potion            |     2 |     1 |     4 ||     7
         Scroll            |       |       |     1 ||     1
   Stab: Sleeping          |       |       |     1 ||     1
         Distracted        |       |       |     1 ||     1
 Armour: Skin              |     6 |     6 |    41 ||    53
  Dodge: Dodged            |     8 |     9 |    44 ||    61

Table legend: (Time is in decaauts)
 A = Elapsed time spent in this place.
 B = Non-inter-level travel time spent in this place.
 C = Inter-level travel time spent in this place.
 D = Time resting spent in this place.
 E = Time spent auto-exploring this place.
 F = Levels seen in this place.
 G = Mean time per level.
                   A        B        C        D        E       F      G
               +--------+--------+--------+--------+--------+-----+--------+
         Total |   1500 |   1500 |      0 |    570 |      0 |   1 | 1500.0 |
       Dungeon |   1500 |   1500 |      0 |    570 |      0 |   1 | 1500.0 |
               +--------+--------+--------+--------+--------+-----+--------+

Top non-repeatable levels by time:
       D: 1500 daAuts
